 Dungeon Crawl Stone Soup version 0.27-a0-1188-g73eefd5def (webtiles) character file.

Game seed: 14220027441110802925

176212 freelancePsychic the Fencer (level 17, -1/152 HPs)
             Began as a Green Draconian Conjurer on May 20, 2021.
             Was an Initiate of Gozag.
             Slain by a wolf spider (6 damage)
             ... on level 4 of the Spider Nest.
             The game lasted 01:44:00 (34102 turns).

freelancePsychic the Fencer (DrCj)                 Turns: 34102, Time: 01:44:01

Health: -1/152     AC: 19    Str: 12    XL:     17   Next: 50%
Magic:  3/22       EV: 19    Int: 24    God:    Gozag
Gold:   2471       SH:  0    Dex: 15    Spells: 11/23 levels left

rFire    . . .     SeeInvis +   a - +8 great sword of the Enchanted Forest {elec, rN+}
rCold    . . .     Faith    .   (shield currently unavailable)
rNeg     + . .     Spirit   .   (armour unavailable)
rPois    +         Reflect  .   W - +2 hat
rElec    .         Harm     .   k - +1 cloak
rCorr    +         Rampage  +   i - +2 pair of gloves
Will     +....                  I - +2 pair of boots {rampage}
Stlth    ++........             t - amulet of regeneration
HPRegen  1.35/turn              C - ring "Zaxzaax" {rCorr Dex+6 Stlth+}
MPRegen  0.18/turn              U - ring of see invisible

@: confused, gold aura
A: breathe noxious fumes, AC +9, unfitting armour, stinger 1, poison resistance,
cold-blooded
a: Breathe Noxious Fumes, Renounce Religion, Potion Petition, Call Merchant,
Bribe Branch


You were on level 4 of the Spider Nest.
You worshipped Gozag.
Gozag was most pleased with you.
You visited 6 branches of the dungeon, and saw 29 of its levels.
You also visited: Ossuary and Volcano.

You collected 10261 gold pieces.
You spent 1026 gold pieces at shops.
You paid 6764 gold pieces to Gozag.

Inventory:

Hand Weapons
 a - the +8 great sword of the Enchanted Forest (weapon) {elec, rN+}
   (You bought it in a shop on level 13 of the Dungeon)

   Occasionally, upon striking a foe, it can discharge electrical energy and
   cause terrible harm.
   It protects you from negative energy.
 b - a +6 vorpal great sword
Armour
 i - a +2 pair of gloves (worn)
 k - a +1 cloak (worn)
 I - a +2 pair of boots of rampaging (worn)
 W - a +2 hat (worn)
Magical Staves
 S - a staff of conjuration
Jewellery
 j - an amulet of reflection
 t - an amulet of regeneration (around neck)
 u - the ring of Understanding {Will+ Slay+2}
   (You bought it in a shop on level 9 of the Dungeon)

   [ring of willpower]

   It affects your accuracy and damage with ranged weapons and melee attacks
   (+2).
   It increases your willpower.
 y - a ring of fire
 C - the ring "Zaxzaax" (left hand) {rCorr Dex+6 Stlth+}
   (You found it on level 6 of the Lair of Beasts)

   [ring of dexterity]

   It affects your dexterity (+6).
   It protects you from acid and corrosion.
   It makes you more stealthy.
 E - a +6 ring of intelligence
 N - a +4 ring of slaying
 P - the ring of Dontosud {MP+9 Dex+2}
   (You found it on level 12 of the Dungeon)

   [ring of magical power]

   It affects your dexterity (+2).
   It affects your magic capacity (+9).
 R - a ring of wizardry
 U - a ring of see invisible (right hand)
 Z - an amulet of the acrobat
Wands
 r - a wand of iceblast (16)
 D - a wand of charming (16)
 G - a wand of flame (55)
 H - a wand of acid (15)
 M - a wand of polymorph (20)
 Y - a wand of digging (3)
Scrolls
 c - 9 scrolls of fear
 f - 2 scrolls of fog
 q - 2 scrolls of magic mapping
 s - 3 scrolls of immolation
 w - 2 scrolls of torment
 x - 2 scrolls of vulnerability
 z - 2 scrolls of enchant armour
 B - a scroll of enchant weapon
 J - a scroll of summoning
 K - 13 scrolls of teleportation {@r4}
 L - 6 scrolls of amnesia
 T - a scroll of silence
 V - 2 scrolls of blinking
Potions
 d - 13 potions of lignification
 e - 3 potions of berserk rage
 g - 6 potions of brilliance
 h - 6 potions of magic
 l - 6 potions of might
 m - 2 potions of haste {@q3}
 n - 5 potions of flight
 o - 6 potions of attraction
 p - a potion of invisibility
 v - 3 potions of cancellation
 A - 4 potions of ambrosia
 F - 3 potions of curing {@q1}
 O - 2 potions of heal wounds {@q2}
 Q - a potion of resistance
 X - 6 potions of mutation


   Skills:
 - Level 14.2 Fighting
 - Level 20.0 Long Blades
 - Level 14.2 Dodging
 - Level 1.7 Stealth
 - Level 3.5 Spellcasting
 - Level 10.3 Conjurations
 - Level 4.0 Translocations
 + Level 7.1 Transmutations


You had 11 spell levels left.
You knew the following spells:

 Your Spells              Type           Power      Damage    Failure   Level
a - Magic Dart            Conj           100%       1d8       1%          1
b - Searing Ray           Conj           100%       3d7       1%          2
c - Iskenderun's Mystic   Conj/Tloc      38%        2d9       5%          4
d - Irradiate             Conj/Tmut      23%        3d21      8%          5

Your spell library contained the following spells:

 Spells                   Type           Power      Damage    Failure   Level
 Beastly Appendage        Tmut           76%        N/A       1%          1
 Wereblood                Tmut           38%        N/A       1%          2
 Sting                    Tmut/Pois      84%        1d7       2%          1
 Blink                    Tloc           N/A        N/A       3%          2
 Passwall                 Tmut/Erth      17%        N/A       3%          2
 Conjure Flame            Conj/Fire      29%        6-21      3%          3
 Dazzling Flash           Conj/Hex       58%        N/A       3%          3
 Stone Arrow              Conj/Erth      58%        3d10      3%          3
 Iskenderun's Battlesphe  Conj           52%        2d10      4%          5
 Gell's Gravitas          Tloc           11%        N/A       6%          3
 Lesser Beckoning         Tloc           11%        N/A       6%          3
 Teleport Other           Tloc           23%        N/A       6%          3
 Spider Form              Tmut/Pois      10%        N/A       7%          3
 Mephitic Cloud           Conj/Pois/Air  20%        N/A       8%          3
 Corona                   Hex            4%         N/A       11%         1
 Freeze                   Ice            16%        1d4       11%         1
 Sandblast                Erth           8%         2d5       11%         1
 Ignite Poison            Fire/Tmut/Pois 15%        N/A       12%         3
 Fulminant Prism          Conj/Hex       14%        3d9       12%         4
 Hailstorm                Conj/Ice       29%        3d8       12%         4
 Call Imp                 Summ           4%         N/A       16%         2
 Ensorcelled Hibernation  Hex/Ice        8%         N/A       16%         2
 Poisonous Vapours        Pois/Air       8%         N/A       16%         2
 Slow                     Hex            4%         N/A       16%         2
 Hydra Form               Tmut           19%        N/A       16%         5
 Ice Form                 Ice/Tmut       21%        N/A       24%         4
 Petrify                  Tmut/Erth      21%        N/A       24%         4
 Confusing Touch          Hex            4%         N/A       30%         3
 Frozen Ramparts          Ice            8%         1d2       30%         3
 Ozocubu's Armour         Ice            4%         N/A       30%         3
 Tukima's Dance           Hex            4%         N/A       30%         3
 Manifold Assault         Tloc           23%        N/A       50%         5
 Yara's Violent Unravell  Hex/Tmut       10%        3d6       54%         5
 Bolt of Magma            Conj/Fire/Erth 10%        4d7       56%         5
 Blade Hands              Tmut           19%        N/A       63%         6
 Cause Fear               Hex            2%         N/A       71%         4
 Olgreb's Toxic Radiance  Pois           4%         N/A       71%         4
 Summon Forest            Summ/Tloc      6%         N/A       77%         5
 Orb of Destruction       Conj           26%        9d10      77%         7
 Iron Shot                Conj/Erth      14%        9d4       88%         6
 Lee's Rapid Deconstruct  Erth           2%         3d5*      96%         5
 Metabolic Englaciation   Hex/Ice        2%         N/A       96%         5
 Silence                  Hex/Air        2%         N/A       96%         5
 Summon Mana Viper        Hex/Summ       4%         N/A       96%         5
 Statue Form              Tmut/Erth      14%        N/A       98%         6
 Dragon Form              Tmut           19%        N/A       99%         7
 Shadow Creatures         Summ           N/A        N/A       100%        6
 Spellforged Servitor     Conj/Summ      14%        N/A       100%        7
 Summon Hydra             Summ           2%         N/A       100%        7
 Discord                  Hex            2%         N/A       100%        8


Dungeon Overview and Level Annotations

Branches:
Dungeon (15/15)            Temple (1/1) D:4            Lair (6/6) D:10
  Swamp (1/4) Lair:4       Spider (4/4) Lair:3        Slime (0/5) Lair:5
    Orc (2/2) D:10            Elf (0/3) Orc:2        Vaults (0/5) D:13
 Depths (0/5) D:15        Ossuary (visited)         Volcano (visited)

Altars:
Ashenzari
Cheibriados
Dithmenos
Elyvilon
Fedhas
Gozag
Hepliaklqana
Kikubaaqudgha
Makhleb
Nemelex Xobeh
Okawaru
Qazlal
Ru
Sif Muna
Trog
Uskayaw
Vehumet
Wu Jian
Xom
Yredelemnul
Zin
The Shining One
Beogh

Shops:
D:6 !   D:9 =   D:10 **   D:13 [(   D:14 =   D:15 [   Orc:2 ([*=   Lair:1 (

Portals:
Trove: D:13 (give 5 scrolls of fog)

Annotations:
D:5 Grinder


Innate Abilities, Weirdness & Mutations

You can breathe blasts of noxious fumes.
Your lurid green scales are hard. (AC +9)
You cannot fit into any form of body armour.
Your tail ends in a poisonous barb.
Your system is resistant to poisons. (rPois)
You are cold-blooded and may be slowed by cold attacks.


Message History

The wolf spider completely misses you. x2
The wolf spider hits you.
The wolf spider bites you but does no damage.
The tarantella closely misses you. The tarantella barely misses you.
The wolf spider hits you. The wolf spider closely misses you.
You're too confused to move!
You feel less confused. The wolf spider misses you.
The wolf spider barely misses you. The tarantella misses you.
The wolf spider hits you but does no damage.
The wolf spider barely misses you. The tarantella closely misses you.
You riposte.
You miss the tarantella.
The wolf spider rages.
The tarantella rages.
The wolf spider barely misses you.
The wolf spider bites you but does no damage.
The tarantella barely misses you.
The tarantella becomes distracted by the nearby gold, dreaming of imaginary riches.
The wolf spider closely misses you.
You riposte.
The tarantella hisses angrily.
You slice the wolf spider!!
The wolf spider is moderately wounded.
The wolf spider barely misses you. The tarantella completely misses you.
The tarantella is no longer distracted by gold.
The tarantella completely misses you. The wolf spider closely misses you.
The wolf spider bites you but does no damage.
The tarantella bites you!
You are confused.
The tarantella bites you!!
* * * LOW HITPOINT WARNING * * *
You are more confused.
The wolf spider hits you!
* * * LOW HITPOINT WARNING * * *
The wolf spider misses you.
The hornet is caught in a web!
The tarantella bites you!
* * * LOW HITPOINT WARNING * * *
The tarantella bites you!
* * * LOW HITPOINT WARNING * * *
The wolf spider completely misses you. The wolf spider bites you.
You die...
Your body crumbles into a pile of gold.

##^s## #.#y≈# #$$s.# ##s.##
##.s..## ###.^...^###
########^..yy.....###### ###
...........sss...........^...
....^.....#.@.^#^^..^#.. ....
#...#...#.#....#.#..#...#..#.
...#.....^#.^#.#.......#.#.<.
.#..#....#..#..^..#.(#....<.#..
##.^#....#.#..^.#.#...[#.##....^#
...........#<..........^......###
..#......#.^....#.#.#...#.#......
(#...#^..#......#^#......#...#...
#.#^^#....^...#...........^#.....


You could see a demonic crawler, 2 wolf spiders, a moth of wrath, an orb spider,
2 hornets and 2 tarantellas.

Vanquished Creatures
  Arachne (Spider:3)
  The ghost of Plog the Bludgeoner, an adept MiBe of Trog (Spider:2)
  Frances (Spider:1)
  Roxanne (Spider:3)
  A ghost moth (Spider:4)
  6 emperor scorpions
  An orc warlord (Orc:2)
  Nessos (D:13)
  5 entropy weavers
  A dire elephant (Lair:6)
  A bunyip (Lair:4)
  A red draconian (Volcano)
  A spark wasp (Spider:3)
  A fire dragon (Lair:4)
  An ettin (Orc:2)
  Harold (Lair:1)
  8 vault guards (D:13)
  7 boulder beetles
  10 hydras
  5 centaur warriors
  An ogre mage (D:12)
  5 two-headed ogres
  A catoblepas (Lair:4)
  A tengu warrior (D:15)
  A death knight (D:13)
  10 death yaks
  Nergalle (D:11)
  4 orc high priests (Orc:2)
  A spectral entropy weaver (Spider:2)
  4 skeletal warriors
  2 necromancers
  A shadow dragon zombie (D:15)
  13 orb spiders
  2 deep elf pyromancers
  3 orc knights
  6 orc sorcerers (Orc:2)
  10 manticores
  14 ugly things
  17 wolf spiders
  A moth of wrath (Spider:3)
  4 cyclopes
  28 elephants
  Maggie (Lair:2)
  An unseen horror (D:11)
  A gargoyle (D:12)
  22 cane toads
  2 spectral redbacks (Spider:2)
  3 rime drakes
  15 demonic crawlers
  8 komodo dragons
  2 yaktaurs (Volcano)
  A meliai (shapeshifter) (D:14)
  3 tyrant leeches (Lair:6)
  8 hornets
  3 meliai (Spider:2)
  8 trolls
  34 jumping spiders
  A spectral jumping spider (Spider:2)
  A queen bee (Spider:2)
  12 blink frogs (Lair:6)
  15 slime creatures
  A deep troll zombie (D:15)
  6 dream sheep (Lair:3)
  A centaur simulacrum (D:15)
  20 flying skulls (D:12)
  76 redbacks
  3 spriggans (Swamp:1)
  A human (shapeshifter) (D:15)
  A spriggan (shapeshifter) (D:12)
  30 tarantellas
  38 yaks
  2 wraiths
  Eustachio (D:5)
  A basilisk (Lair:6)
  13 vampire mosquitoes
  A golden eye (shapeshifter) (D:13)
  A redback simulacrum (Spider:2)
  An emperor scorpion simulacrum (Spider:2)
  3 wargs
  Edmund (D:5)
  2 acid dragons
  2 tengu zombies (D:15)
  15 water moccasins
  31 orc warriors
  3 sky beasts
  An ice beast (D:5)
  A necrophage (D:5)
  A spectral torpor snail (Spider:2)
  6 wolves
  12 centaurs
  4 ogres
  2 kobold brigands (D:9)
  An elf zombie (Ossuary)
  4 scorpions
  27 bullfrogs
  A gnoll sergeant (Orc:2)
  A wyvern skeleton (D:5)
  22 killer bees
  4 electric eels
  9 howler monkeys
  2 human zombies (Ossuary)
  3 centaur zombies
  3 hounds
  23 orc priests
  A bullfrog zombie (D:5)
  A gnoll shaman (D:5)
  A centaur skeleton (D:4)
  3 iguanas
  20 orc wizards
  3 polar bear simulacra (D:13)
  2 hell rats (Lair:6)
  2 yak simulacra (D:13)
  A killer bee zombie (D:8)
  5 wolf simulacra (D:13)
  2 mummies (Ossuary)
  9 gnolls
  10 adders
  10 river rats (Lair:6)
  A white imp (D:3)
  3 ufetubi (D:6)
  2 adder zombies (Ossuary)
  6 worms
  2 dart slugs
  81 orcs
  6 endoplasms
  A giant cockroach (D:1)
  5 goblins
  6 hobgoblins
  5 jackals
  2 quokkas
  4 ball pythons
  4 bats
  2 frilled lizards (D:3)
  9 hobgoblin zombies (Ossuary)
  A jackal skeleton (D:4)
  A jackal zombie (Ossuary)
  11 kobolds
  10 kobold zombies (Ossuary)
  7 orc zombies (Ossuary)
  7 rats
  3 rat zombies (Ossuary)
  A river rat simulacrum (D:13)
957 creatures vanquished.

Vanquished Creatures (collateral kills)
  A killer bee (D:5)
1 creature vanquished.

Vanquished Creatures (others)
  A vampire mage (D:15)
  A yaktaur (D:12)
  A jumping spider (Spider:1)
  A spectral orb spider (Spider:2)
  An orc priest (Orc:2)
  47 fungi
  112 plants
  4 toadstools (D:1)
  4 withered plants (D:15)
172 creatures vanquished.

Grand Total: 1130 creatures vanquished

Notes
Turn   | Place    | Note
-------+----------+-------------------------------------------
     0 | D:1      | freelancePsychic the Draconian Conjurer began the quest for
                  | the Orb.
     0 | D:1      | Reached XP level 1. HP: 14/14 MP: 3/3
   230 | D:1      | Reached XP level 2. HP: 8/22 MP: 1/5
   455 | D:1      | Learned a level 2 spell: Searing Ray
   524 | D:1      | Reached skill level 1 in Fighting
   731 | D:1      | Found a faded altar of an unknown god.
  1175 | D:2      | Reached XP level 3. HP: 28/28 MP: 3/6
  1415 | D:2      | Reached skill level 5 in Conjurations
  1951 | D:3      | Found a burning altar of Makhleb.
  1982 | D:3      | Reached XP level 4. HP: 36/36 MP: 2/7
  2912 | D:4      | Reached XP level 5. HP: 42/42 MP: 0/8
  3012 | D:4      | Noticed an ogre
  3019 | D:4      | Killed an ogre
  3172 | D:4      | Learned a level 4 spell: Iskenderun's Mystic Blast
  3212 | D:4      | Found a staircase to the Ecumenical Temple.
  3221 | Temple   | Entered the Ecumenical Temple
  3523 | Temple   | Became a worshipper of Gozag Ym Sagoz the Greedy
  3787 | D:4      | Reached XP level 6. HP: 50/51 MP: 2/9
  4390 | D:5      | Entered Level 5 of the Dungeon
  4519 | D:5      | Noticed Grinder
  4557 | D:5      | Noticed Eustachio
  4569 | D:5      | Killed Eustachio
  4815 | D:5      | Your scales start taking on a lurid green colour.
  4815 | D:5      | Reached XP level 7. HP: 53/59 MP: 1/10
  4815 | D:5      | Gained mutation: Your system is resistant to poisons.
                  | (rPois) [Green Draconian growth]
  4913 | D:5      | Noticed Edmund
  4925 | D:5      | Killed Edmund
  5189 | D:5      | Found a sparkling altar of Nemelex Xobeh.
  5189 | D:5      | Found an ancient bone altar of Kikubaaqudgha.
  5211 | D:5      | Found a hazy altar of Hepliaklqana.
  5410 | D:5      | Reached skill level 5 in Fighting
  5524 | D:5      | Reached XP level 8. HP: 20/68 MP: 2/12
  6330 | D:6      | Found Qoib's Distillery.
  6337 | D:6      | Bought a potion of heal wounds for 60 gold pieces
  6337 | D:6      | Bought a potion of invisibility for 96 gold pieces
  6438 | D:6      | Found a sand-covered staircase.
  6443 | Ossuary  | Entered an ossuary
  7856 | D:7      | Found a bloodstained altar of Trog.
  7864 | D:7      | Reached XP level 9. HP: 67/79 MP: 7/14
  7917 | D:7      | Found a white marble altar of Elyvilon.
  7918 | D:7      | Found a sacrificial altar of Ru.
  7938 | D:7      | Found a basalt altar of Yredelemnul.
  9088 | D:7      | Upgraded the game from 0.27-a0-1186-g8b4daa1eef to
                  | 0.27-a0-1188-g73eefd5def
  9613 | D:8      | Found a blossoming altar of Fedhas.
  9848 | D:8      | Reached skill level 10 in Conjurations
  9930 | D:8      | Reached XP level 10. HP: 91/91 MP: 15/15
  9939 | D:8      | Noticed a two-headed ogre
  9951 | D:8      | Killed a two-headed ogre
 10181 | D:8      | Found an iron altar of Okawaru.
 10181 | D:8      | Found a faded altar of an unknown god.
 10189 | D:8      | Found an ornate altar of the Wu Jian Council.
 10191 | D:8      | Found a faded altar of an unknown god.
 10193 | D:8      | Found a snail-covered altar of Cheibriados.
 10294 | D:9      | Reached skill level 5 in Dodging
 11072 | D:9      | Bought the ring of Understanding {Will+ Slay+2} for 444
                  | gold pieces
 11086 | D:10     | Entered Level 10 of the Dungeon
 11086 | D:10     | Found a staircase to the Lair.
 11100 | D:10     | Reached skill level 1 in Long Blades
 11384 | D:10     | Reached skill level 2 in Long Blades
 11403 | D:10     | Found a glowing golden altar of the Shining One.
 11493 | D:10     | Reached skill level 10 in Fighting
 11533 | D:10     | Reached skill level 3 in Long Blades
 11655 | D:10     | Found a staircase to the Orcish Mines.
 12004 | Orc:1    | Entered Level 1 of the Orcish Mines
 12040 | Orc:1    | Reached skill level 4 in Long Blades
 12287 | Orc:2    | Entered Level 2 of the Orcish Mines
 12287 | Orc:2    | Noticed a two-headed ogre
 12290 | Orc:2    | Noticed an orc sorcerer
 12326 | Orc:2    | Noticed a two-headed ogre
 12332 | Orc:2    | Found a staircase to the Elven Halls.
 12351 | Orc:2    | Killed a two-headed ogre
 12352 | Orc:2    | Reached skill level 5 in Long Blades
 12529 | Orc:2    | Reached XP level 11. HP: 70/99 MP: 16/16
 12685 | Orc:2    | Noticed an orc sorcerer
 12691 | Orc:2    | Reached skill level 6 in Long Blades
 12695 | Orc:2    | Noticed a soul eater
 12697 | Orc:2    | Killed an orc sorcerer
 12767 | Orc:2    | Noticed an orc high priest
 12769 | Orc:2    | Noticed a sixfirhy
 12783 | Orc:2    | Killed an orc high priest
 12784 | Orc:2    | Reached skill level 7 in Long Blades
 12827 | Orc:2    | Killed an orc sorcerer
 12873 | Orc:2    | Noticed an ettin
 12906 | Orc:2    | Killed an ettin
 13038 | Orc:2    | Killed a two-headed ogre
 13039 | Orc:2    | Reached skill level 8 in Long Blades
 13157 | Orc:2    | Noticed an orc knight
 13158 | Orc:2    | Noticed an orc knight
 13160 | Orc:2    | Noticed an orc high priest
 13161 | Orc:2    | Noticed an orc sorcerer
 13369 | Orc:2    | Killed an orc high priest
 13404 | Orc:2    | Reached skill level 9 in Long Blades
 13456 | Orc:1    | Killed an orc knight
 13678 | Orc:2    | Killed an orc sorcerer
 13733 | Orc:2    | Noticed an orc sorcerer
 13738 | Orc:2    | Noticed a sixfirhy
 13744 | Orc:2    | Killed an orc sorcerer
 13744 | Orc:2    | Noticed an orc warlord
 13745 | Orc:2    | Reached skill level 10 in Long Blades
 13829 | Orc:2    | Killed an orc warlord
 14096 | Orc:2    | Noticed an orc high priest
 14112 | Orc:2    | Noticed an orc high priest
 14127 | Orc:2    | Killed an orc high priest
 14128 | Orc:2    | Reached skill level 11 in Long Blades
 14128 | Orc:2    | Reached XP level 12. HP: 78/106 MP: 12/17
 14283 | Orc:2    | Paralysed by an orc sorcerer for 4 turns
 14334 | Orc:2    | Killed an orc high priest
 14413 | Orc:2    | Reached skill level 12 in Long Blades
 14453 | Orc:2    | Found Cuefotic's General Store.
 14454 | Orc:2    | Found Loomem's Jewellery Emporium.
 14456 | Orc:2    | Found Soaraosm's Antique Armour Shoppe.
 14456 | Orc:2    | Found Hobaqei's Antique Weapon Shoppe.
 14475 | Orc:2    | Bought a pair of glowing gloves for 150 gold pieces
 14796 | Lair:1   | Entered Level 1 of the Lair of Beasts
 15202 | Lair:1   | Reached skill level 13 in Long Blades
 15351 | Lair:1   | Noticed Harold
 15370 | Lair:1   | Killed Harold
 15823 | Lair:2   | Noticed Maggie
 15917 | Lair:2   | Killed Maggie
 16144 | Lair:2   | Reached skill level 14 in Long Blades
 16797 | Lair:3   | Noticed a four-headed hydra
 16842 | Lair:3   | Killed an eight-headed hydra
 16843 | Lair:3   | Reached XP level 13. HP: 85/114 MP: 9/18
 17088 | Lair:3   | Found a hole to the Spider Nest.
 18105 | Lair:4   | Found a dark tunnel.
 18156 | Volcano  | Entered a volcano
 18208 | Volcano  | Noticed a red draconian
 18217 | Volcano  | Killed a red draconian
 18553 | Lair:4   | Reached skill level 10 in Dodging
 18886 | Lair:4   | Found a staircase to the Swamp.
 19219 | Lair:4   | Noticed a fire dragon
 19238 | Lair:4   | Killed a fire dragon
 20514 | Lair:5   | Found a staircase to the Slime Pits.
 20634 | Lair:6   | Entered Level 6 of the Lair of Beasts
 20709 | Lair:6   | Gained mutation: Your tail ends in a poisonous barb. [Green
                  | Draconian growth]
 20709 | Lair:6   | Reached XP level 14. HP: 113/126 MP: 11/19
 22102 | Lair:6   | Reached skill level 15 in Long Blades
 22398 | Lair:6   | Identified the ring "Zaxzaax" {rCorr Dex+6 Stlth+}
 23257 | D:11     | Noticed Nergalle
 23271 | D:11     | Killed Nergalle
 23775 | D:12     | Found the +3 giant club "Skullcrusher" {speed, Str+7}
 23879 | D:12     | Found a runed translucent door.
 23884 | D:12     | Identified the +5 short sword of Jogua {drain, rPois Str+2}
 23932 | D:12     | Noticed a quicksilver ooze
 23932 | D:12     | a spark wasp changed into a quicksilver ooze
 23934 | D:12     | a quicksilver ooze changed into an entropy weaver
 23938 | D:12     | Noticed a shadow dragon
 23938 | D:12     | an entropy weaver changed into a shadow dragon
 23939 | D:12     | Noticed an iron giant
 23939 | D:12     | a shadow dragon changed into an iron giant
 23940 | D:12     | Reached XP level 15. HP: 115/136 MP: 20/20
 23940 | D:12     | an iron giant changed into a glowing shapeshifter
 23970 | D:12     | Identified the +6 hunting sling of the Shouting Seeker
                  | {venom, rPois rC+ rCorr}
 23971 | D:12     | Identified the +0 leather armour of Understanding {SInv}
 23972 | D:12     | Identified the ring of Dontosud {MP+9 Dex+2}
 25249 | D:13     | Found a portal to a secret trove of treasure.
 25417 | D:13     | Found Cheibriados's Comfort Zone.
 25419 | D:13     | Found a snail-covered altar of Cheibriados.
 25472 | D:13     | Found Atator's Antique Weapon Shop.
 25489 | D:13     | Bought a slimy great sword for 276 gold pieces
 25489 | D:13     | Identified the +8 great sword of the Enchanted Forest
                  | {elec, rN+} (You bought it in a shop on level 13 of the
                  | Dungeon)
 25564 | D:13     | Noticed Nessos
 25576 | D:13     | Killed Nessos
 25745 | D:13     | Found a gate to the Vaults.
 26531 | D:14     | Reached skill level 16 in Long Blades
 26607 | D:14     | Found Xiampedi's Jewellery Shoppe.
 27102 | D:15     | Entered Level 15 of the Dungeon
 27184 | D:15     | Found a staircase to the Depths.
 27447 | D:15     | Reached XP level 16. HP: 101/146 MP: 21/21
 28077 | Swamp:1  | Entered Level 1 of the Swamp
 28090 | Swamp:1  | Reached skill level 17 in Long Blades
 28900 | Spider:1 | Entered Level 1 of the Spider Nest
 29510 | Spider:1 | Noticed Frances
 29517 | Spider:1 | Killed Frances
 29989 | Spider:2 | Reached skill level 18 in Long Blades
 30806 | Spider:2 | Found a runed translucent gate.
 30807 | Spider:2 | Found a runed translucent gate.
 30808 | Spider:2 | Found a runed translucent gate.
 30813 | Spider:2 | Noticed Plog's ghost (adept MiBe)
 30850 | Spider:2 | Killed Plog's ghost
 30851 | Spider:2 | Reached skill level 19 in Long Blades
 31692 | Spider:3 | Noticed Arachne
 31715 | Spider:3 | Killed Arachne
 31915 | Spider:3 | Reached XP level 17. HP: 146/152 MP: 22/22
 32713 | Spider:3 | Noticed Roxanne
 32741 | Spider:3 | Killed Roxanne
 32964 | Spider:3 | Learned a level 5 spell: Irradiate
 33040 | Spider:4 | Entered Level 4 of the Spider Nest
 33122 | Spider:4 | Reached skill level 20 in Long Blades
 33144 | Spider:4 | Reached skill level 1 in Transmutations
 33622 | Spider:4 | Identified the +6 longbow "Jiniremive" {venom, rC+}
 33666 | Spider:4 | Paralysed by a hornet for 3 turns
 33684 | Spider:4 | Reached skill level 5 in Transmutations
 34102 | Spider:4 | HP: 5/152 [tarantella (15)]
 34102 | Spider:4 | Slain by a wolf spider

Illustrated notes

Levels and vault maps discovered:
D:1:      ldierk_water_garden, layout_basic, ebering_ecumenical_altar_box
D:2:      layout_rooms
D:3:      layout_basic, general_overflow_altar
D:4:      layout_loops_corners, minmay_temple_entry_drinking_statues
D:5:      layout_basic, gammafunk_temple_overflow_forgotten, minmay_liquid_box,
          uniq_grinder, uniq_eustachio, uniq_edmund
D:6:      layout_layer_cave, serial_shops, shop, enter_ossuary_2
D:7:      mumra_celtic_spiral_tile, layout_cave_pods, minitemple
D:8:      wander_river, layout_rooms, chequers_temple_overflow_minitemple,
          fedhas_altar_fruit_tree
D:9:      layout_roguey
D:10:     layout_rooms, nicolae_tso_carved_into_rock, lair_entry_dummy,
          david_orc_5
D:11:     layout_loops_ring, uniq_nergalle
D:12:     layout_grid_maze, minmay_st_funbox, minmay_guarded_unrand_skullcrusher
D:13:     layout_stronghold, erik_vaults_2, serial_shops, nicolae_shop_crystal,
          enter_trove_2, nicolae_two_hexagons, minmay_shop_chei,
          eino_house_with_fridge, uniq_nessos
D:14:     layout_gridville, serial_shops, shop
D:15:     gammafunk_depths_entry_grave, layout_irregular_city, hex_medium
Temple:   compressed_dpeg_triangle_lava_temple
Lair:1:   layout_roguey, serial_bayou_shore_b, uniq_harold
Lair:2:   layout_layer_cave, uniq_maggie
Lair:3:   layout_regular_city, nicolae_spider_entry_non_spiders,
          serial_bayou_shore_b
Lair:4:   dragon1_lemuel, layout_cave_pods, swamp_mist_pool,
          nicolae_volcano_entry_two_sided
Lair:5:   layout_long_grid, dpeg_slime_entry_corner, lemuel_fruit_tree,
          serial_bayou_shore_b, grunt_megastairs_2, infiniplex_staircase_pool_2
Lair:6:   minmay_lair_end_frog_pond, layout_long_grid, kennysheep_rathole,
          infiniplex_staircase_pool
Swamp:1:  layout_basic_swamp, evilmike_swamp_ruin_house_4, swamp_pool3
Spider:1: layout_spider_delve, guppyfry_spider_mini_3, uniq_frances
Spider:2: layout_spider_delve, gammafunk_ghost_necromancy,
          nicolae_looking_at_the_future
Spider:3: layout_chambers, nicolae_spider_cling_halls, uniq_arachne,
          uniq_roxanne
Spider:4: guppyfry_spider_rune
Orc:1:    layout_caves
Orc:2:    st_orc_congregation, layout_diamond_mine, nicolae_orc_sculptors_studio

Skill      XL: |  1  2  3  4  5  6  7  8  9 10 11 12 13 14 15 16 17 |
---------------+----------------------------------------------------+-----
Fighting       | 1 2 3 4 5 7 9 10 12 13 14 | 14.2
Conjurations   | 5 6 7 8 10 | 10.3
Translocations | 2 3 4 |  4.0
Spellcasting   | 3 |  3.5
Dodging        | 4 6 7 8 11 13 14 | 14.2
Long Blades    | 5 11 14 15 16 19 20 | 20.0
Transmutations | 7 |  7.1
Stealth        | |  1.7

Action                   |  1- 3 |  4- 6 |  7- 9 | 10-12 | 13-15 | 16-18 || total
-------------------------+-------+-------+-------+-------+-------+-------++-------
Melee: Unarmed           |    27 |       |       |       |       |       ||    27
       Tailslap          |     4 |       |    23 |    67 |   155 |   110 ||   359
       Long sword        |       |     3 |   178 |   571 |   117 |       ||   869
       Great sword       |       |       |       |       |   885 |   684 ||  1569
 Cast: Magic Dart        |    60 |    44 |    35 |     8 |     7 |     7 ||   161
       Searing Ray       |     1 |    17 |    31 |    21 |     6 |     2 ||    78
       Iskenderun's Myst |       |       |     9 |    38 |    80 |    20 ||   147
       Irradiate         |       |       |       |       |       |    12 ||    12
Invok: Call Merchant     |       |       |       |     3 |     1 |     1 ||     5
       Potion Petition   |       |       |       |       |     4 |     2 ||     6
 Abil: Breathe Noxious F |       |       |    12 |    59 |    23 |     7 ||   101
Evoke: Wand              |       |       |       |     9 |     1 |       ||    10
  Use: Scroll            |     2 |     2 |     5 |     9 |    24 |     4 ||    46
       Potion            |       |       |       |       |     6 |     6 ||    12
 Stab: Confused          |       |       |     2 |    31 |    18 |     2 ||    53
       Sleeping          |       |       |       |     2 |     7 |     6 ||    15
       Distracted        |       |       |       |     1 |     1 |    11 ||    13
       Invisible         |       |       |       |       |     9 |       ||     9
Armor: Skin              |    10 |     7 |    92 |   162 |   411 |   421 ||  1103
Dodge: Dodged            |    19 |    19 |   172 |   358 |   768 |   827 ||  2163
Block: Other             |     1 |     3 |     4 |       |       |       ||     8
       Rpst.: Long sword |       |     3 |    64 |    92 |    16 |       ||   175
       Great sword       |       |       |       |       |   130 |   157 ||   287

Table legend: (Time is in decaauts)
 A = Elapsed time spent in this place.
 B = Non-inter-level travel time spent in this place.
 C = Inter-level travel time spent in this place.
 D = Time resting spent in this place.
 E = Time spent auto-exploring this place.
 F = Levels seen in this place.
 G = Mean time per level.
                   A        B        C        D        E       F      G
               +--------+--------+--------+--------+--------+-----+--------+
         Total |  33997 |  32205 |   1792 |   2723 |  22803 |  31 | 1096.7 |
       Dungeon |  16476 |  15587 |    889 |    485 |  12644 |  15 | 1098.4 |
        Temple |    313 |    302 |     11 |      0 |    273 |   1 |  313.0 |
          Lair |   8938 |   8253 |    685 |    992 |   5679 |   6 | 1489.7 |
         Swamp |    110 |    110 |      0 |      0 |     27 |   1 |  110.0 |
   Spider Nest |   4769 |   4654 |    115 |    928 |   2668 |   4 | 1192.2 |
  Orcish Mines |   2760 |   2668 |     92 |    313 |   1184 |   2 | 1380.0 |
       Ossuary |    396 |    396 |      0 |      5 |    193 |   1 |  396.0 |
       Volcano |    232 |    232 |      0 |      0 |    134 |   1 |  232.0 |
               +--------+--------+--------+--------+--------+-----+--------+

Top non-repeatable levels by time:
Spider:3: 2146 daAuts
   Orc:2: 2048 daAuts
  Lair:6: 1918 daAuts
     D:5: 1769 daAuts
  Lair:3: 1746 daAuts
  Lair:4: 1725 daAuts
     D:7: 1625 daAuts
  Lair:5: 1471 daAuts
    D:13: 1467 daAuts
    D:12: 1382 daAuts
     D:6: 1300 daAuts
Spider:2: 1254 daAuts
     D:4: 1226 daAuts
  Lair:1: 1171 daAuts
     D:1: 1101 daAuts
